 Dungeon Crawl Stone Soup version 0.32-a0-33-g74fbe469d6 (webtiles) character file.

Game seed: 18146369092902401684

614593 cforsyth the Sorcerer (level 27, -13/223 HPs)
             Began as a Djinni Alchemist on Jan 20, 2024.
             Was the Champion of Nemelex Xobeh.
             Mangled by a death cob (22 damage)
             ... on level 3 of the Realm of Zot on Jan 21, 2024.
             The game lasted 03:31:07 (71675 turns).

cforsyth the Sorcerer (Djinni Alchemist)           Turns: 71675, Time: 03:31:08

Health: -13/223    AC: 17    Str:  6      XL:     27
Gold:   5874       EV: 15    Int: 31      God:    Nemelex Xobeh [******] SH:  5 Dex: 12 (14)

rFire   + + .        F - +6 dagger "Azuut" {freeze, rElec rC+++ rCorr Str-4}
rCold   + + +        G - orb {light}
rNeg    + + +        I - +0 ring mail of Joy {Will++}
rPois   ∞            W - +2 helmet {SInv}
rElec   +            i - +4 cloak of the Volcano {rElec}
rCorr   +            g - +2 pair of gloves "Duc Janu" {rElec rCorr}
SInv    +            (boots unavailable)
Will    ++++.        M - amulet of the Muttering Seer {Reflect rN+ Regen+ Str+3 Dex-5 SH+5}
Stlth   +            h - +6 ring of intelligence
HPRegen 1.37/turn    w - ring "Ynguo" {rC+ rN++ Int-4 Dex+3}
MPRegen 0.00/turn

%: reflection, infuse magic (-14 HP)
@: flying, very slightly contaminated, hasted, glowing, studying Unarmed Combat,
very quick
A: sickness immunity, fire resistance 2, cold vulnerability 1, float, innate
caster, HP casting, extra vitality 1
}: 3/15 runes: barnacled, silver, gossamer
a: Renounce Religion, Draw Escape, Draw Destruction, Draw Summoning, Triple
Draw, Deal Four, Stack Five


You were on level 3 of the Realm of Zot.
You worshipped Nemelex Xobeh.
Nemelex Xobeh was exalted by your worship.
You visited 10 branches of the dungeon, and saw 48 of its levels.
You also visited: Ossuary, Gauntlet, Ice Cave and Wizlab.

You collected 8443 gold pieces.
You spent 2569 gold pieces at shops.

Inventory:

Hand Weapons
 F - the +6 dagger "Azuut" (weapon) {freeze, rElec rC+++ rCorr Str-4}
   (You bought it in a shop on level 2 of the Depths)

   Str-4:     It affects your strength (-4).
   rC+++:     It renders you almost immune to cold.
   rElec:     It insulates you from electricity.
   rCorr:     It protects you from acid and corrosion.
Armour
 g - the +2 pair of gloves "Duc Janu" (worn) {rElec rCorr}
   (You found it in an ice cave)

   rElec:     It insulates you from electricity.
   rCorr:     It protects you from acid and corrosion.
 i - the +4 cloak of the Volcano (worn) {rElec}
   (You found it on level 1 of the Shoals)

   rElec:     It insulates you from electricity.
 G - an orb of light (worn)
 I - the +0 ring mail of Joy (worn) {Will++}
   (You found it in a Gauntlet)

   Will++:    It greatly increases your willpower.
 J - a +2 kite shield of protection
 O - the +0 pair of gloves of the Slorg {rF+ rC+ Dex+2}
   (You found it on level 5 of the Vaults)

   Dex+2:     It affects your dexterity (+2).
   rF+:       It protects you from fire.
   rC+:       It protects you from cold.
 S - a +2 robe of resistance
 U - a +2 kite shield of cold resistance
 V - the +2 helmet "Eres" {Will+ Str+2}
   (You acquired it on level 14 of the Dungeon)

   Str+2:     It affects your strength (+2).
   Will+:     It increases your willpower.
 W - a +2 helmet of see invisible (worn)
Jewellery
 h - a +6 ring of intelligence (left hand)
 m - the ring of Kindness {*Slow rElec rF+ Str+4}
   (You took it off a deep elf high priest on level 3 of the Elven Halls)

   [ring of protection from fire]

   Str+4:     It affects your strength (+4).
   rF+:       It protects you from fire.
   rElec:     It insulates you from electricity.
   *Slow:     It may slow you when you take damage.
 w - the ring "Ynguo" (right hand) {rC+ rN++ Int-4 Dex+3}
   (You took it off a merfolk impaler on level 4 of the Shoals)

   [ring of protection from cold]

   Int-4:     It affects your intelligence (-4).
   Dex+3:     It affects your dexterity (+3).
   rC+:       It protects you from cold.
   rN++:      It greatly protects you from negative energy.
 M - the amulet of the Muttering Seer (around neck) {Reflect rN+ Regen+ Str+3 Dex-5 SH+5}
   (You acquired it on level 3 of the Spider Nest)

   [amulet of reflection]

   Reflect:   It reflects blocked missile attacks.
   Str+3:     It affects your strength (+3).
   Dex-5:     It affects your dexterity (-5).
   rN+:       It protects you from negative energy.
   Regen+:    It increases your rate of health regeneration.
   SH+5:      It affects your SH (+5).
 X - a ring of willpower
 Y - a ring of protection from cold
Wands
 p - a wand of light (62)
 r - a wand of mindburst (32)
 y - a wand of iceblast (65)
 A - a wand of flame (136)
 C - a wand of polymorph (22)
 Q - a wand of digging (24)
Scrolls
 b - 12 scrolls of revelation
 c - a scroll of immolation
 j - 15 scrolls of vulnerability
 k - 4 scrolls of torment
 l - 23 scrolls of teleportation
 s - 7 scrolls of poison
 v - 13 scrolls of enchant weapon
 E - 12 scrolls of enchant armour
 L - 7 scrolls of fear
 T - 9 scrolls of fog
Potions
 d - 21 potions of curing
 e - 6 potions of mutation
 f - 8 potions of cancellation
 n - 4 potions of resistance
 o - 5 potions of haste
 u - 10 potions of brilliance
 x - 13 potions of attraction
 z - 4 potions of berserk rage
 B - 6 potions of invisibility
 D - 14 potions of lignification
 H - 7 potions of enlightenment
 K - 11 potions of ambrosia
 R - 12 potions of might
Miscellaneous
 q - a phial of floods
 Z - a lightning rod (4/4)


   Skills:
 + Level 25.9 Fighting
 + Level 5.3 Armour
 + Level 20.2 Dodging
 - Level 1.5 Stealth
 + Level 15.1 Shields
 + Level 26.5 Spellcasting
 + Level 26.5 Conjurations
 + Level 26.5 Hexes
   Level 0.0 Charms
 + Level 26.5 Summonings
 + Level 26.5 Necromancy
 + Level 26.5 Translocations
   Level 0.0 Transmutations
 + Level 26.5 Fire Magic
 + Level 26.5 Ice Magic
 + Level 26.5 Air Magic
 + Level 26.5 Earth Magic
 + Level 26.5 Alchemy
 - Level 11.3 Invocations


You knew the following spells:

 Your Spells              Type           Power      Damage    Failure   Level
a - Sting                 Conj/Alch      100%       1d9       0%          1
b - Mercury Vapours       Alch/Air       100%       N/A       0%          2
c - Mephitic Cloud        Conj/Alch/Air  100%       N/A       0%          3
d - Olgreb's Toxic Radia  Alch           100%       N/A       0%          4
e - Sticky Flame          Fire/Alch      100%       2d15      0%          4
f - Kiss of Death         Conj/Necr      100%       2d13      0%          1
g - Static Discharge      Conj/Air       100%       3-8/arc   0%          2
h - Sigil of Binding      Hex            100%       N/A       0%          3
i - Flame Wave            Conj/Fire      100%       2d21      0%          4
j - Iskenderun's Mystic   Conj/Tloc      100%       2d19      0%          4
k - Summon Mana Viper     Hex/Summ       100%       N/A       0%          5
l - Conjure Ball Lightni  Conj/Air       58%        3x3d21    0%          6
m - Ozocubu's Refrigerat  Ice            58%        4d20      1%          7
n - Starburst             Conj/Fire      58%        6d16      0%          6
o - Discord               Hex            58%        N/A       1%          8
p - Enfeeble              Hex            58%        N/A       1%          7
q - Fire Storm            Conj/Fire      58%        8d15      4%          9
r - Dragon's Call         Summ           58%        N/A       4%          9
Your spell library was empty.

Dungeon Overview and Level Annotations

Branches:
Dungeon (15/15)            Temple (0/1) D:6            Lair (5/5) D:9
 Shoals (4/4) Lair:2       Spider (4/4) Lair:3        Slime (0/5) Lair:4
    Orc (2/2) D:10            Elf (3/3) Orc:2        Vaults (5/5) D:14
  Crypt (3/3) Vaults:2       Tomb (0/3) Crypt:3      Depths (4/4) D:15
    Zot (3/5) Depths:4    Ossuary (visited)           IceCv (visited)
 WizLab (visited)         Gauntlet (visited)

Altars:
Ashenzari
Elyvilon
Fedhas
Gozag
Makhleb
Nemelex Xobeh
Okawaru
Trog
Wu Jian
Xom
Yredelemnul
Zin
The Shining One

Shops:
D:1 [   D:2 *   D:9 !   D:14 ?   Orc:2 [*!(!   Elf:1 [   Elf:3 =[![[
Vaults:1 ?   Depths:2 ([

Portals:
Hell: Depths:1 Depths:2 Depths:3 Depths:4
Abyss: Depths:3
Pandemonium: Depths:2 Depths:4
Ziggurat: Depths:3

Annotations:
Zot:3 1 transporter


Innate Abilities, Weirdness & Mutations

You are immune to sickness and miasma.
You are immune to poison.
Your flesh is very heat resistant. (rF++)
You are vulnerable to cold. (rC-)
You float through the air rather than walking.
You learn spells naturally, not from books.
Your magical power is your life essence.
You have superior vitality. (+4 MHP)


Message History

The death cob misses you.
The black draconian knight breathes lightning at you.
The bolt of lightning hits you! You resist.
* * * LOW HITPOINT WARNING * * *
The purple draconian shifter casts a spell at you.
You blink.
A death cob breaks down the door.
You feel much better. The death cob barely misses you.
The purple draconian shifter hits you with a +0 long sword.
* * * LOW HITPOINT WARNING * * *
The death cob hits you.
* * * LOW HITPOINT WARNING * * *
The purple draconian shifter breathes dispelling energy at you.
The bolt of dispelling energy hits you!!!
You feel strangely stable.
Your magical effects are unravelling.
* * * LOW HITPOINT WARNING * * *
Blink to where?
Press: ? - help, Dir - move target
As you read the scroll of blinking, it crumbles to dust.
You feel yourself speed up.
You feel yourself speed up.
The purple draconian shifter gestures at you while chanting.
The black draconian knight blinks into view!
The purple draconian shifter blinks into view!
The orb of fire blinks into view!
The protean progenitor blinks into view!
The purple draconian shifter blinks into view!
The death cob blinks!
Blink to where?
Press: ? - help, Dir - move target
As you read the scroll of blinking, it crumbles to dust.
Okay, then.
The death cob attacks as it pursues you!
The death cob hits you!!
* * * LOW HITPOINT WARNING * * *
You are engulfed in blazing flames.
You resist.
The death cob is engulfed in blazing flames.
The death cob hits you!!
You die...
Your body disappears without additional glow.

..............#/..#..q.qq.z§..q..
..............#..##.z.C..##.##.##
..............#8.....###.........
..............#..#.....####...#8.
..............#..#####...⌠##'####
..............#♣..8.8.....#C)8#C:
.............©#○°....*....q..©#_:
..............#§z.8.8.....#..8#⌠:
..............#°@#####...⌠##'####
.^............#..#.....####...#8.
..............#8..b.b###.........
..............#..##.bb...##.##.##
..............#/..#..b...........
..............#©..*☼#*#.#.#.#.#.#
..............###################
.................................
...##............................


You could see an orb of fire and a death cob.

Vanquished Creatures
  2 dread liches
  3 ancient liches
  Khufu (Crypt:3)
  Mara (Depths:1)
  2 juggernauts
  Vv (Depths:2)
  3 royal mummies (Crypt:3)
  Bai Suzhen (Depths:2)
  A curse toe (Zot:3)
  5 caustic shrikes
  5 golden dragons
  A bone dragon (Crypt:3)
  The ghost of Atlas the Eclecticist, an adept NaFE of Cheibriados (Depths:2)
  The ghost of Goociwk the Warrior, an adept GrFi of Cheibriados (Crypt:2)
  An electric golem (Zot:3)
  Jorgrun (Shoals:3)
  Mlioglotl (Spider:1)
  A walking crystal tome (Depths:3)
  8 liches
  11 tentacled monstrosities
  4 deep elf blademasters
  A walking frostbound tome (Depths:4)
  2 acid blobs (Lair:4)
  3 sphinxes
  Asterion (Depths:2)
  3 death cobs
  9 titans
  A kraken (Shoals:3)
  6 deep elf master archers
  2 quicksilver dragons
  2 thorn hunters (WizLab)
  Donald (Elf:3)
  4 ancient champions
  The ghost of Pooter the Marksminotaur, an adept MiBe of Trog (Shoals:1)
  Ilsuiw (Shoals:3)
  2 storm dragons
  3 revenants
  3 tengu reavers
  3 shadow dragons
  2 fenstrider witches (WizLab)
  Aizul (Spider:2)
  Roxanne (Elf:2)
  5 protean progenitors
  3 draconian shifters
  12 fire giants
  14 frost giants
  7 emperor scorpions (Spider:4)
  4 deep elf elementalists (Elf:3)
  A balrug (Orc:1)
  A caustic shrike zombie (Crypt:3)
  7 ghost moths
  8 deep elf sorcerers
  14 vault wardens
  An angel (Shoals:3)
  3 curse skulls
  3 iron dragons
  4 orc warlords
  A juggernaut zombie (Depths:2)
  6 spriggan defenders
  2 reapers
  3 ghouls (Crypt:2)
  8 ironbound thunderhulks
  2 draconian stormcallers
  33 very ugly things
  30 ironbound preservers
  17 stone giants
  A draconian annihilator (Zot:2)
  6 formless jellyfish
  12 vampire knights
  A broodmother (Spider:4)
  The ghost of Qippavve the Devastator, a journeyman OpCj of Gozag (Shoals:2)
  6 green draconians
  4 deep elf demonologists (Elf:3)
  2 black draconians (Depths:4)
  A lorocyproca (Depths:2)
  11 deep elf death magi
  Azrael (D:15)
  3 war gargoyles
  A red draconian (Zot:2)
  6 spark wasps
  A yellow draconian (Zot:2)
  12 deep elf annihilators
  A white draconian (Depths:4)
  Snorg (Lair:4)
  3 eidola
  12 dire elephants
  A minotaur (Gauntlet)
  17 ettins
  2 blizzard demons (IceCv)
  11 merfolk javelineers
  2 crystal guardians (Vaults:4)
  2 quicksilver dragon zombies
  9 jiangshi
  7 ice dragons
  6 yaktaur captains
  7 deep elf high priests
  16 merfolk impalers
  30 vault guards
  3 entropy weavers
  5 shambling mangroves (WizLab)
  10 fire dragons
  3 great orbs of eyes
  10 hydras
  5 rakshasas
  A juggernaut simulacrum (Depths:2)
  4 peacekeepers
  An ogre mage (D:14)
  6 centaur warriors
  A fenstrider witch skeleton (Crypt:2)
  6 spriggan air magi
  A jorogumo (shapeshifter) (Vaults:5)
  3 two-headed ogres
  A radroach (Spider:2)
  2 death knights
  8 merfolk aquamancers
  28 dancing weapons
  6 boulder beetles
  5 merfolk avatars
  11 tengu warriors
  The ghost of zenocrate the Covert, a journeyman VSEn of Gozag (Lair:1)
  An anaconda (Zot:2)
  11 deep troll earth magi
  A sphinx skeleton (Vaults:4)
  4 ironbound frosthearts
  2 alligator snapping turtles (Shoals:3)
  3 satyrs
  13 death yaks
  7 demonic crawlers
  5 deep troll shamans
  4 spriggan berserkers
  9 vampire magi
  2 naga sharpshooters (WizLab)
  An orc high priest (Orc:2)
  2 titan zombies (Vaults:2)
  An occultist (Depths:2)
  12 hell knights
  2 soul eaters (Depths:2)
  A fire crab (shapeshifter) (Elf:2)
  3 shadow wraiths
  21 deep elf knights
  2 salamander mystics
  4 pharaoh ants
  A skyshark (shapeshifter) (Vaults:1)
  A fire crab (Lair:5)
  7 skysharks
  25 skeletal warriors
  11 iron trolls
  A mana viper (Zot:2)
  3 cherubim (Shoals:4)
  18 deep elf archers
  7 spriggan simulacra (IceCv)
  A sun moth (shapeshifter) (Vaults:5)
  8 sea snakes
  A glowing orange brain (shapeshifter) (Vaults:1)
  76 deep trolls
  7 orb spiders
  A storm dragon skeleton (Depths:2)
  4 arcanists
  10 glowing orange brains
  An obsidian statue (IceCv)
  4 harpies
  8 flayed ghosts
  24 ironbound convokers
  A sun moth (Spider:3)
  A deep troll (shapeshifter) (Vaults:5)
  14 lindwurms
  2 frost giant zombies
  A bog body (Crypt:2)
  A steelbarb worm (shapeshifter) (Vaults:1)
  2 steelbarb worms (Spider:4)
  10 phantasmal warriors
  Pikel (D:9)
  32 deep elf pyromancers
  37 deep elf zephyrmancers
  12 wolf spiders
  2 shadow dragon skeletons
  17 orc knights
  9 necromancers
  A wolf spider (shapeshifter) (Vaults:1)
  2 oklob plants
  7 orc sorcerers
  Maurice (Orc:2)
  3 salamanders (Depths:4)
  13 manticores
  11 fauns
  A tengu skeleton (Vaults:2)
  44 ugly things
  11 cyclopes
  8 large abominations (Depths:3)
  A cyclops (shapeshifter) (Depths:2)
  A glowing shapeshifter (Depths:2)
  14 vault sentinels
  6 water nymphs
  2 meliai (shapeshifter)
  20 elephants
  A stone giant zombie (Vaults:2)
  A black mamba (shapeshifter) (D:15)
  8 moths of wrath
  A human skeleton (Vaults:2)
  3 meliai (D:15)
  8 black mambas
  7 merfolk sirens
  A frost giant skeleton (Crypt:1)
  A formless jellyfish zombie (Crypt:1)
  5 kobold blastminers
  A fire giant skeleton (Depths:2)
  3 stone giant skeletons
  A torpor snail (shapeshifter) (Vaults:1)
  The ghost of zenocrate the Sneak, a novice VSEn of Gozag (D:6)
  Maggie (D:9)
  2 gargoyles
  A storm dragon simulacrum (Crypt:2)
  4 torpor snails
  9 cane toads
  An unseen horror (shapeshifter) (Vaults:5)
  10 komodo dragons
  A catoblepas zombie (Crypt:2)
  5 unseen horrors
  A rime drake (Lair:5)
  A yaktaur (shapeshifter) (Vaults:5)
  A swamp worm zombie (Crypt:2)
  26 yaktaurs
  4 tengu conjurers
  2 freezing wraiths
  9 ice devils (IceCv)
  A yaktaur skeleton (Vaults:2)
  38 merfolk
  A pale draconian skeleton (Crypt:3)
  A hydra zombie (Crypt:3)
  13 trolls
  22 tarantellas
  9 polar bears
  4 wind drakes
  8 saltlings
  6 glass eyes
  A tarantella (shapeshifter) (D:15)
  20 hornets
  13 blink frogs
  A harpy skeleton (Crypt:2)
  A spriggan zombie (Depths:2)
  A dream sheep (shapeshifter) (Vaults:5)
  4 alligator simulacra (IceCv)
  A raiju (shapeshifter) (D:13)
  Prince Ribbit (D:7)
  11 dream sheep
  16 culicivoras
  15 snapping turtles
  34 slime creatures
  2 air elementals
  21 jumping spiders
  A vampire (D:11)
  A shadow (D:10)
  14 spriggans
  5 wyverns
  An orc simulacrum (Crypt:2)
  23 water elementals
  51 yaks
  4 basilisks
  5 wraiths
  A warg (shapeshifter) (Vaults:5)
  2 humans (D:14)
  3 dire elephant simulacra (IceCv)
  16 vampire mosquitoes
  3 fire elementals
  5 wargs
  59 redbacks
  3 steam dragons
  Menkaure (D:7)
  A human zombie (Vaults:4)
  8 minotaur simulacra (IceCv)
  A chaos spawn (Depths:3)
  3 harpy simulacra (IceCv)
  An ogre zombie (Vaults:2)
  12 water moccasins
  3 acid dragons
  An ogre skeleton (Vaults:4)
  2 hydra simulacra (IceCv)
  A cane toad zombie (Crypt:2)
  A glowing shapeshifter skeleton (Vaults:4)
  6 hell hounds (D:15)
  27 orc warriors
  A lindwurm zombie (Crypt:1)
  3 sky beasts
  27 laughing skulls
  An ice dragon simulacrum (Crypt:2)
  2 black bears (Lair:5)
  3 small abominations (Depths:3)
  The ghost of nabalzbhf the Chopper, an amateur AtMo (D:3)
  An ice beast (D:7)
  33 wolves
  2 ogres
  7 centaurs
  3 boggarts (Lair:5)
  5 phantoms
  A blink frog skeleton (Crypt:1)
  5 bullfrogs
  3 kobold brigands (D:9)
  3 lemures (D:9)
  3 scorpions (D:5)
  2 gnoll sergeants
  A wyvern zombie (Crypt:1)
  2 earth elementals
  6 deep troll simulacra (IceCv)
  A cyclops skeleton (Crypt:2)
  A wight (D:7)
  A lindwurm simulacrum (IceCv)
  A yak skeleton (Crypt:1)
  6 killer bees (D:8)
  10 electric eels
  A vampire bat (D:10)
  7 howler monkeys
  3 bombardier beetles
  A bullfrog zombie (Crypt:1)
  4 quasits (D:6)
  3 hounds (D:5)
  13 orc priests
  3 gnoll boudas
  Terence (D:3)
  A sleepcap (D:4)
  3 iguanas
  24 orc wizards
  5 hell rats (Lair:1)
  Natasha (thrice) (D:3)
  A killer bee zombie (Crypt:2)
  A sky beast zombie (Crypt:2)
  Robin (D:2)
  8 mummies (Ossuary)
  22 gnolls
  8 adders
  A steam dragon zombie (Crypt:2)
  A shadow imp (D:5)
  A white imp (D:5)
  2 lava snake skeletons
  A dart slug (D:5)
  2 ribbon worms
  53 orcs
  7 ball pythons
  5 endoplasms
  A giant cockroach (D:1)
  12 hobgoblins
  17 kobolds
  A quokka (D:2)
  12 bats
  3 frilled lizards
  14 goblins
  3 goblin zombies
  A hobgoblin skeleton (Crypt:2)
  A hobgoblin zombie (Ossuary)
  2 jackal zombies (D:4)
  4 kobold zombies (Ossuary)
  3 orc zombies (Ossuary)
  2 rats
  A rat zombie (Crypt:2)
  4 aspiring fleshes
  A butterfly (Lair:4)
  217 fire vortices
  2 tentacles (Shoals:3)
2483 creatures vanquished.

Vanquished Creatures (collateral kills)
  Josephina (Crypt:2)
  2 electric golems (Zot:1)
  A tentacled monstrosity (Zot:1)
  A quicksilver dragon (Depths:2)
  A sphinx (Vaults:5)
  A walking frostbound tome (Depths:3)
  3 shadow dragons
  A draconian shifter (Zot:2)
  A fenstrider witch (WizLab)
  A frost giant (Depths:2)
  A fire giant (Depths:2)
  A spriggan defender (Depths:4)
  7 very ugly things
  A draconian annihilator (Zot:1)
  A stone giant (Depths:3)
  A ghoul (Crypt:2)
  A green draconian (Zot:1)
  A vampire knight (Depths:2)
  2 red draconians (Zot:2)
  A white draconian (Zot:1)
  A yellow draconian (Zot:1)
  A spark wasp (Depths:2)
  A merfolk javelineer (Shoals:4)
  An ice dragon (Depths:4)
  2 rakshasas (Depths:2)
  10 vault guards (Vaults:5)
  Erica (Lair:2)
  An ironbound frostheart (Vaults:3)
  A boulder beetle (Zot:3)
  A deep troll shaman (Depths:2)
  A merfolk aquamancer (Shoals:4)
  2 death yaks
  2 deep troll earth magi
  A tengu warrior (Depths:3)
  2 vampire magi
  2 spriggan berserkers (Depths:4)
  2 iron trolls (Depths:4)
  A deep troll (Depths:4)
  A cherub (Shoals:4)
  2 phantasmal warriors
  A spriggan simulacrum (Crypt:2)
  An ugly thing (Depths:3)
  An oklob plant (Lair:2)
  2 elephants (Lair:1)
  2 moths of wrath (Zot:1)
  A black mamba (Lair:1)
  A merfolk siren (Shoals:4)
  A cane toad (Lair:1)
  2 komodo dragons
  2 merfolk (Shoals:4)
  A glass eye (Zot:3)
  A tyrant leech zombie (Crypt:3)
  2 basilisks
  2 yaks (Lair:2)
  3 water moccasins
  A bullfrog (Lair:1)
  A naga simulacrum (Crypt:2)
  A deep dwarf skeleton (Crypt:3)
  An aspiring flesh (Zot:2)
93 creatures vanquished.

Vanquished Creatures (others)
  A vault guard (Vaults:5)
  40 ball lightnings
  284 fire vortices
  6 tentacles (Shoals:3)
331 creatures vanquished.

Grand Total: 2907 creatures vanquished

Notes
Turn   | Place    | Note
-------+----------+-------------------------------------------
     0 | D:1      | cforsyth the Djinni Alchemist began the quest for the Orb.
     0 | D:1      | cforsyth set off with the following spells memorised:
                  | Sting, Mercury Vapours, Mephitic Cloud, Olgreb's Toxic
                  | Radiance, Sticky Flame.
     0 | D:1      | Reached XP level 1. HP: 15/15 MP: 0/0
    23 | D:1      | Reached skill level 1 in Fighting
    23 | D:1      | Reached XP level 2. HP: 16/22 MP: 0/0
    90 | D:1      | Found Fomopn's Antique Armour Shoppe.
   205 | D:1      | Reached XP level 3. HP: 18/27 MP: 0/0
   205 | D:1      | Learned a level 1 spell: Kiss of Death
   765 | D:2      | Found Qejucryfut's Assorted Antiques.
   778 | D:2      | Noticed Robin
   783 | D:2      | Reached XP level 4. HP: 29/33 MP: 0/0
   805 | D:2      | Killed Robin
  1086 | D:2      | Reached XP level 5. HP: 40/40 MP: 0/0
  1086 | D:2      | Learned a level 2 spell: Static Discharge
  1549 | D:3      | You are sucked into a shaft and drop 1 floor!
  1611 | D:4      | Noticed a phantom
  1657 | D:4      | Killed a phantom
  1658 | D:4      | Reached XP level 6. HP: 13/47 MP: 0/0
  1792 | D:4      | Found a sparkling altar of Nemelex Xobeh.
  1801 | D:4      | Found an opulent altar of Gozag.
  1807 | D:4      | Became a worshipper of Nemelex Xobeh the Trickster
  1972 | D:3      | Found a runed translucent gate.
  1973 | D:3      | Found a runed translucent gate.
  1974 | D:3      | Found a runed translucent gate.
  1975 | D:3      | Noticed nabalzbhf's ghost (amateur AtMo)
  1980 | D:3      | Identified the +1 hand axe "Goblinslayer" {spect, Fly
                  | rPois}
  1980 | D:3      | Identified the +1 scale mail "Meirir" {Will+}
  2069 | D:3      | Noticed Terence
  2078 | D:3      | Killed Terence
  2327 | D:3      | Noticed Natasha
  2330 | D:3      | Killed Natasha
  2395 | D:3      | Noticed Natasha
  2400 | D:3      | Killed Natasha
  2654 | D:4      | Reached XP level 7. HP: 53/53 MP: 0/0
  2654 | D:4      | Learned a level 3 spell: Sigil of Binding
  2685 | D:4      | Found a runed translucent door.
  2685 | D:4      | Noticed a human
  2715 | D:4      | Found a basalt altar of Yredelemnul.
  2716 | D:4      | Reached * piety under Nemelex Xobeh
  2927 | D:5      | Entered Level 5 of the Dungeon
  2943 | D:5      | Reached skill level 5 in Fighting
  2943 | D:5      | Reached skill level 5 in Spellcasting
  2943 | D:5      | Reached skill level 5 in Conjurations
  2943 | D:5      | Reached skill level 5 in Hexes
  2943 | D:5      | Reached skill level 5 in Summonings
  2943 | D:5      | Reached skill level 5 in Necromancy
  2943 | D:5      | Reached skill level 5 in Translocations
  2943 | D:5      | Reached skill level 5 in Fire Magic
  2943 | D:5      | Reached skill level 5 in Ice Magic
  2943 | D:5      | Reached skill level 5 in Air Magic
  2943 | D:5      | Reached skill level 5 in Earth Magic
  2943 | D:5      | Reached skill level 5 in Alchemy
  2992 | D:5      | Found a sand-covered staircase.
  3003 | Ossuary  | Entered an ossuary
  3139 | Ossuary  | Reached XP level 8. HP: 54/61 MP: 0/0
  3491 | D:5      | Identified the +0 ring mail of Inaction {Regen+}
  3724 | D:5      | Received a gift from Nemelex Xobeh
  3935 | D:6      | Found a transporter.
  3943 | D:6      | Found a staircase to the Ecumenical Temple.
  4089 | D:6      | Identified the +6 quarterstaff "Xixome" {freeze, rElec
                  | rCorr Dex+3}
  4210 | D:6      | Found a transporter.
  4365 | D:6      | Noticed zenocrate's ghost (novice VSEn)
  4367 | D:6      | Reached ** piety under Nemelex Xobeh
  4384 | D:6      | Reached XP level 9. HP: 55/68 MP: 0/0
  4384 | D:6      | Learned a level 4 spell: Flame Wave
  4496 | D:7      | Noticed Prince Ribbit
  4503 | D:7      | Noticed Menkaure
  4507 | D:7      | Killed Prince Ribbit
  5059 | D:7      | Killed Menkaure
  5124 | D:7      | Found a broken altar of Ashenzari.
  5316 | D:7      | Found a blossoming altar of Fedhas.
  5482 | D:7      | Noticed a two-headed ogre
  5495 | D:7      | Killed a two-headed ogre
  5496 | D:7      | Reached XP level 10. HP: 60/80 MP: 0/0
  5545 | D:7      | Reached skill level 10 in Fighting
  5951 | D:8      | Noticed a two-headed ogre
  5966 | D:8      | Killed a two-headed ogre
  6648 | D:3      | Noticed Natasha
  6652 | D:3      | Killed Natasha
  6754 | D:3      | Killed nabalzbhf's ghost
  6991 | D:9      | Noticed an arcanist
  6991 | D:9      | Noticed an orc sorcerer
  7000 | D:9      | Killed an arcanist
  7000 | D:9      | Killed an orc sorcerer
  7001 | D:9      | Reached XP level 11. HP: 81/89 MP: 0/0
  7001 | D:9      | Learned a level 4 spell: Iskenderun's Mystic Blast
  7014 | D:9      | Found a shimmering altar of Xom.
  7051 | D:9      | Reached *** piety under Nemelex Xobeh
  7122 | D:9      | Found Ezuumiw's Distillery.
  7131 | D:9      | Bought a potion of degeneration for 14 gold pieces
  7419 | D:9      | Noticed Maggie
  7425 | D:9      | Killed Maggie
  7478 | D:9      | Found a staircase to the Lair.
  7568 | D:9      | Received a gift from Nemelex Xobeh
  7590 | D:9      | Noticed Pikel
  7599 | D:9      | Killed Pikel
  7631 | D:9      | Found a white marble altar of Elyvilon.
  7737 | D:9      | Reached **** piety under Nemelex Xobeh
  7892 | D:10     | Entered Level 10 of the Dungeon
  7946 | D:10     | Found an ornate altar of the Wu Jian Council.
  8003 | D:10     | Received a gift from Nemelex Xobeh
  8008 | D:10     | Noticed a two-headed ogre
  8017 | D:10     | Reached skill level 10 in Spellcasting
  8017 | D:10     | Reached skill level 10 in Conjurations
  8017 | D:10     | Reached skill level 10 in Hexes
  8017 | D:10     | Reached skill level 10 in Summonings
  8017 | D:10     | Reached skill level 10 in Necromancy
  8017 | D:10     | Reached skill level 10 in Translocations
  8017 | D:10     | Reached skill level 10 in Fire Magic
  8017 | D:10     | Reached skill level 10 in Ice Magic
  8017 | D:10     | Reached skill level 10 in Air Magic
  8017 | D:10     | Reached skill level 10 in Earth Magic
  8017 | D:10     | Reached skill level 10 in Alchemy
  8017 | D:10     | Killed a two-headed ogre
  8086 | D:10     | Found a staircase to the Orcish Mines.
  8563 | D:10     | Reached XP level 12. HP: 91/98 MP: 0/0
  9039 | D:11     | Received a gift from Nemelex Xobeh
  9588 | D:11     | Received a gift from Nemelex Xobeh
 10064 | D:12     | Reached ***** piety under Nemelex Xobeh
 10195 | D:12     | Received a gift from Nemelex Xobeh
 10520 | D:12     | Received a gift from Nemelex Xobeh
 11900 | Lair:1   | Entered Level 1 of the Lair of Beasts
 11949 | Lair:1   | Reached XP level 13. HP: 81/106 MP: 0/0
 11949 | Lair:1   | Learned a level 5 spell: Summon Mana Viper
 12193 | Lair:1   | Reached skill level 15 in Fighting
 12233 | Lair:1   | Received a gift from Nemelex Xobeh
 12440 | Lair:1   | Found a runed translucent gate.
 12440 | Lair:1   | Noticed a 12-headed hydra
 12440 | Lair:1   | Noticed a ten-headed hydra
 12441 | Lair:1   | Found a runed translucent gate.
 12441 | Lair:1   | Noticed zenocrate's ghost (journeyman VSEn)
 12443 | Lair:1   | Found a runed translucent gate.
 12805 | Lair:1   | Killed zenocrate's ghost
 12854 | Lair:1   | Killed a 12-headed hydra
 13062 | Lair:2   | Received a gift from Nemelex Xobeh
 13082 | Lair:2   | Noticed Erica
 13095 | Lair:2   | Killed Erica
 13101 | Lair:2   | Found a staircase to the Shoals.
 13908 | Lair:2   | Killed a ten-headed hydra
 13930 | Lair:2   | Received a gift from Nemelex Xobeh
 14109 | Lair:2   | Found a blossoming altar of Fedhas.
 14427 | Lair:3   | Reached XP level 14. HP: 79/117 MP: 0/0
 14488 | Lair:3   | Found a gate leading to a gauntlet.
 14502 | Gauntlet | Entered a Gauntlet
 14502 | Gauntlet | Found a transporter.
 14502 | Gauntlet | Found a transporter.
 14531 | Gauntlet | Found a transporter.
 14549 | Gauntlet | Found a transporter.
 14549 | Gauntlet | Found a transporter.
 14552 | Gauntlet | Found a transporter.
 14552 | Gauntlet | Found a transporter.
 14553 | Gauntlet | Found a transporter.
 14568 | Gauntlet | Found a transporter.
 14581 | Gauntlet | Found a runed translucent door.
 14582 | Gauntlet | Found a transporter.
 14583 | Gauntlet | Found a runed translucent door.
 14592 | Gauntlet | Found a transporter.
 14607 | Gauntlet | Found a transporter.
 14624 | Gauntlet | Received a gift from Nemelex Xobeh
 14627 | Gauntlet | Found a transporter.
 14641 | Gauntlet | Found a transporter.
 14915 | Gauntlet | Identified the +0 helmet of the Old and Reckless {-Tele rN+
                  | Will+++ Slay-2}
 14943 | Gauntlet | Noticed a minotaur
 14952 | Gauntlet | Killed a minotaur
 14978 | Gauntlet | Identified the +0 ring mail of Joy {Will++}
 14990 | Gauntlet | Identified the +1 robe of Valour {rF+}
 15162 | Lair:3   | Found a hole to the Spider Nest.
 15364 | Lair:3   | Received a gift from Nemelex Xobeh
 15876 | Lair:4   | Reached XP level 15. HP: 34/126 MP: 0/0
 15876 | Lair:4   | Learned a level 6 spell: Conjure Ball Lightning
 16084 | Lair:4   | Reached ****** piety under Nemelex Xobeh
 16086 | Lair:4   | Found a runed translucent door.
 16087 | Lair:4   | Found a staircase to the Slime Pits.
 16087 | Lair:4   | Noticed an acid blob
 16088 | Lair:4   | Noticed an acid blob
 16416 | Lair:4   | Noticed Snorg
 16433 | Lair:4   | Killed Snorg
 16837 | Lair:5   | Entered Level 5 of the Lair of Beasts
 17209 | Lair:5   | Received a gift from Nemelex Xobeh
 17764 | Lair:5   | Received a gift from Nemelex Xobeh
 17976 | Lair:5   | Received a gift from Nemelex Xobeh
 18136 | Lair:5   | Reached skill level 15 in Spellcasting
 18136 | Lair:5   | Reached skill level 15 in Conjurations
 18136 | Lair:5   | Reached skill level 15 in Hexes
 18136 | Lair:5   | Reached skill level 15 in Summonings
 18136 | Lair:5   | Reached skill level 15 in Necromancy
 18136 | Lair:5   | Reached skill level 15 in Translocations
 18136 | Lair:5   | Reached skill level 15 in Fire Magic
 18136 | Lair:5   | Reached skill level 15 in Ice Magic
 18136 | Lair:5   | Reached skill level 15 in Air Magic
 18136 | Lair:5   | Reached skill level 15 in Earth Magic
 18136 | Lair:5   | Reached skill level 15 in Alchemy
 18357 | Orc:1    | Entered Level 1 of the Orcish Mines
 18667 | Orc:2    | Entered Level 2 of the Orcish Mines
 18730 | Orc:2    | Reached XP level 16. HP: 42/135 MP: 0/0
 18936 | Orc:2    | Received a gift from Nemelex Xobeh
 19021 | Orc:2    | Noticed Maurice
 19034 | Orc:2    | Killed Maurice
 19102 | Orc:2    | Received a gift from Nemelex Xobeh
 19103 | Orc:2    | Found Molisk's Armour Shop.
 19286 | Orc:2    | Found a staircase to the Elven Halls.
 19622 | Orc:2    | Found Goal's Assorted Antiques.
 19736 | Orc:2    | Found Nuyvenu's Weapon Shop.
 19739 | Orc:2    | Found Dediur's Distillery.
 19766 | Orc:2    | Found Rawniju's Distillery.
 20206 | Orc:1    | Received a gift from Nemelex Xobeh
 20260 | Orc:1    | Found a runed translucent door.
 20763 | D:13     | Found the +3 giant club "Skullcrusher" {speed, Str+7}
 21470 | D:13     | Received a gift from Nemelex Xobeh
 21868 | D:14     | Reached XP level 17. HP: 121/145 MP: 0/0
 21868 | D:14     | Learned a level 7 spell: Ozocubu's Refrigeration
 21907 | D:14     | Found a gate to the Vaults.
 22283 | D:14     | Found Vitapp's Magic Scroll Emporium.
 22288 | D:14     | Bought a scroll of acquirement for 728 gold pieces
 22288 | D:14     | Bought a scroll of acquirement for 728 gold pieces
 22322 | D:14     | Received a gift from Nemelex Xobeh
 22388 | D:14     | Found a glowing silver altar of Zin.
 22421 | D:14     | Acquired the +2 helmet "Eres" {Will+ Str+2}
 22453 | D:15     | Entered Level 15 of the Dungeon
 22632 | D:15     | Received a gift from Nemelex Xobeh
 22636 | D:15     | Noticed Azrael
 22646 | D:15     | Killed Azrael
 23046 | D:15     | Found a staircase to the Depths.
 23358 | Spider:1 | Entered Level 1 of the Spider Nest
 23505 | Spider:1 | Noticed Mlioglotl
 23527 | Spider:1 | Killed Mlioglotl
 23536 | Spider:1 | Found a glacial archway.
 23623 | IceCv    | Entered an ice cave
 23732 | IceCv    | Identified the +2 pair of gloves "Duc Janu" {rElec rCorr}
 24495 | Spider:1 | Received a gift from Nemelex Xobeh
 24872 | Spider:1 | You are sucked into a shaft and drop 1 floor!
 25052 | Spider:2 | Identified the serpent talisman "Hiydikeu" {rF- rC+ Dex+3}
 25052 | Spider:2 | Noticed Aizul
 25065 | Spider:2 | Killed Aizul
 25095 | Spider:2 | Reached XP level 18. HP: 108/155 MP: 0/0
 26218 | Spider:3 | Received a gift from Nemelex Xobeh
 26568 | Spider:3 | Acquired 735 gold pieces
 26569 | Spider:3 | Acquired the amulet of the Muttering Seer {Reflect rN+
                  | Regen+ Str+3 Dex-5 SH+5}
 26599 | Spider:4 | Entered Level 4 of the Spider Nest
 27572 | Spider:4 | Received a gift from Nemelex Xobeh
 27607 | Spider:4 | Reached skill level 1 in Invocations
 28297 | Spider:4 | Got a gossamer rune of Zot
 28306 | Spider:4 | Identified the +3 pair of boots "Nopiragg" {rElec rF- rCorr
                  | Dex+4}
 28314 | Spider:4 | Identified the +0 hat "Qeiciam" {rPois Dex-2 Stlth+}
 28456 | Shoals:1 | Entered Level 1 of the Shoals
 28660 | Shoals:1 | Reached skill level 5 in Dodging
 28681 | Shoals:1 | Received a gift from Nemelex Xobeh
 28780 | Shoals:1 | Reached XP level 19. HP: 156/162 MP: 0/0
 28780 | Shoals:1 | Learned a level 6 spell: Starburst
 29110 | Shoals:1 | Found a runed translucent gate.
 29110 | Shoals:1 | Found a runed translucent gate.
 29110 | Shoals:1 | Found a runed translucent gate.
 29111 | Shoals:1 | Noticed Pooter's ghost (adept MiBe)
 29559 | Shoals:1 | Identified the +4 cloak of the Volcano {rElec}
 29588 | Shoals:2 | Found a transporter.
 29615 | Shoals:2 | Found a bloodstained altar of Trog.
 29628 | Shoals:2 | Noticed Qippavve's ghost (journeyman OpCj)
 29645 | Shoals:2 | Reached skill level 5 in Invocations
 29716 | Shoals:2 | Received a gift from Nemelex Xobeh
 29772 | Shoals:2 | Found a transporter.
 30916 | Shoals:3 | Noticed Jorgrun
 30920 | Shoals:3 | Killed Jorgrun
 31164 | Shoals:3 | Received a gift from Nemelex Xobeh
 31176 | Shoals:3 | Noticed Ilsuiw
 31186 | Shoals:3 | Killed Ilsuiw
 31575 | Shoals:4 | Entered Level 4 of the Shoals
 31734 | Shoals:4 | Identified the +7 hand axe of Zogra {spect, rC+}
 32101 | Shoals:4 | Found a white marble altar of Elyvilon.
 32111 | Shoals:4 | Reached XP level 20. HP: 118/169 MP: 0/0
 32174 | Shoals:4 | Reached skill level 5 in Shields
 32174 | Shoals:4 | Reached XP level 21. HP: 132/175 MP: 0/0
 32174 | Shoals:4 | Learned a level 8 spell: Discord
 32397 | Shoals:4 | Found a glowing silver altar of Zin.
 32548 | Shoals:4 | Found a glowing golden altar of the Shining One.
 32942 | Shoals:4 | Identified the ring "Ynguo" {rC+ rN++ Int-4 Dex+3}
 32987 | Shoals:4 | Got a barnacled rune of Zot
 33355 | Vaults:1 | Entered Level 1 of the Vaults
 33601 | Vaults:1 | Found Cebiap's Magic Scroll Shoppe.
 33604 | Vaults:1 | Bought a scroll of teleportation for 33 gold pieces
 33746 | Vaults:1 | Reached skill level 10 in Dodging
 33827 | Vaults:1 | Received a gift from Nemelex Xobeh
 33882 | Vaults:1 | Identified the ring "Histrej" {*Slow EV+5 Int+3}
 34065 | Vaults:1 | Received a gift from Nemelex Xobeh
 34492 | Vaults:1 | Received a gift from Nemelex Xobeh
 35047 | Vaults:2 | Received a gift from Nemelex Xobeh
 35641 | Vaults:2 | Reached skill level 10 in Invocations
 35758 | Vaults:2 | Received a gift from Nemelex Xobeh
 35871 | Vaults:2 | Reached XP level 22. HP: 170/182 MP: 0/0
 35919 | Vaults:2 | Found a staircase to the Crypt.
 35919 | Vaults:2 | Found a basalt altar of Yredelemnul.
 36597 | Vaults:3 | Received a gift from Nemelex Xobeh
 37912 | Vaults:3 | Identified the +9 sling of Havoc {heavy, rPois rC+ Str-4
                  | Dex+5}
 38031 | Vaults:3 | Received a gift from Nemelex Xobeh
 39060 | Vaults:4 | Reached XP level 23. HP: 139/187 MP: 0/0
 39060 | Vaults:4 | Learned a level 7 spell: Enfeeble
 39261 | Vaults:4 | Identified the ring "Jagisaj" {Fire rN+}
 39815 | Vaults:4 | Received a gift from Nemelex Xobeh
 39947 | Vaults:4 | Identified the ring of Maicsotz {rF- rC+ rCorr Str-5
                  | Stlth+}
 40583 | Vaults:4 | Received a gift from Nemelex Xobeh
 41081 | D:6      | Killed zenocrate's ghost
 41996 | Shoals:1 | Killed Pooter's ghost
 42291 | Shoals:2 | Killed Qippavve's ghost
 42367 | Shoals:2 | Identified the ring "Kulidwoych" {MP+9 Str+3}
 42555 | Elf:1    | Entered Level 1 of the Elven Halls
 42814 | Elf:1    | Found a huge runed translucent gate.
 42814 | Elf:1    | Found a huge runed translucent gate.
 42814 | Elf:1    | Found a huge runed translucent gate.
 42814 | Elf:1    | Found a huge runed translucent gate.
 42815 | Elf:1    | Found a huge runed translucent gate.
 42815 | Elf:1    | Found a huge runed translucent gate.
 42815 | Elf:1    | Found a huge runed translucent gate.
 42815 | Elf:1    | Found a huge runed translucent gate.
 42815 | Elf:1    | Found a huge runed translucent gate.
 42815 | Elf:1    | Found a huge runed translucent gate.
 42815 | Elf:1    | Found a huge runed translucent gate.
 42816 | Elf:1    | Found a huge runed translucent gate.
 42816 | Elf:1    | Found a huge runed translucent gate.
 42816 | Elf:1    | Found a huge runed translucent gate.
 42816 | Elf:1    | Found a huge runed translucent gate.
 42816 | Elf:1    | Found a huge runed translucent gate.
 42816 | Elf:1    | Found a huge runed translucent gate.
 42816 | Elf:1    | Found a huge runed translucent gate.
 42816 | Elf:1    | Found a huge runed translucent gate.
 42817 | Elf:1    | Found a huge runed translucent gate.
 42864 | Elf:1    | Found Yfaudax's Antique Armour Boutique.
 43873 | Elf:2    | Found a runed translucent gate.
 43873 | Elf:2    | Found a runed translucent gate.
 43884 | Elf:2    | Found a runed translucent gate.
 44026 | Elf:2    | Received a gift from Nemelex Xobeh
 44186 | Elf:2    | Noticed Roxanne
 44330 | Elf:2    | Paralysed by an air elemental for 1 turns
 44344 | Elf:2    | Killed Roxanne
 44875 | Elf:2    | Reached XP level 24. HP: 148/194 MP: 0/0
 44884 | Elf:2    | Reached skill level 15 in Dodging
 45064 | Elf:2    | Received a gift from Nemelex Xobeh
 45566 | Elf:3    | Entered Level 3 of the Elven Halls
 45811 | Elf:3    | Noticed Donald
 45821 | Elf:3    | Killed Donald
 46128 | Elf:3    | Found Quddi's Jewellery Shop.
 46137 | Elf:3    | Found Irif's Antique Armour Boutique.
 46137 | Elf:3    | Found Qieram's Armour Shop.
 46163 | Elf:3    | Found Ixorphini's Distillery.
 46199 | Elf:3    | Found Naesm's Antique Armour Boutique.
 46208 | Elf:3    | Bought an encrusted helmet for 294 gold pieces
 46208 | Elf:3    | Identified the +1 helmet of the Solstice {Dex+7} (You
                  | bought it in a shop on level 3 of the Elven Halls)
 46213 | Elf:3    | Bought a bloodstained cloak for 323 gold pieces
 46213 | Elf:3    | Identified the -1 cloak of Uhoegotor {Str+2} (You bought it
                  | in a shop on level 3 of the Elven Halls)
 46898 | Elf:3    | Identified the +10 flail of Perversion {spect, rC+ Str+2}
 46898 | Elf:3    | Identified the ring of Kindness {*Slow rElec rF+ Str+4}
 47530 | Elf:3    | Identified the ring "Vod Gif" {MP+9 Int+2 Dex+2}
 47591 | Elf:3    | Identified the staff of Tenacity {rElec Int-2 Stlth+ Hexes
                  | Fire Air}
 47601 | Elf:3    | Acquired a manual of Shields
 47614 | Elf:3    | Identified the staff of the Sharing Gods {^Contam rElec
                  | rPois MP+9 Stlth+ Air}
 48069 | Vaults:5 | Entered Level 5 of the Vaults
 48077 | Vaults:5 | Reached XP level 25. HP: 142/201 MP: 0/0
 48077 | Vaults:5 | Learned a level 9 spell: Fire Storm
 48530 | Vaults:5 | Identified the +1 chain mail of a Billion Tusks {Fly rC++
                  | MP-9}
 48672 | Vaults:5 | Reached skill level 10 in Shields
 49063 | Vaults:5 | Noticed an ancient lich
 49072 | Vaults:5 | Killed an ancient lich
 50215 | Vaults:5 | Noticed a dread lich
 50220 | Vaults:5 | Killed a dread lich
 50713 | Vaults:5 | Got a silver rune of Zot
 50966 | Vaults:5 | Received a gift from Nemelex Xobeh
 51322 | Vaults:5 | Identified the +0 pair of gloves of the Floral God {-Tele
                  | Int+9}
 51404 | Vaults:5 | Received a gift from Nemelex Xobeh
 51436 | Vaults:5 | Identified the +0 pair of gloves of the Slorg {rF+ rC+
                  | Dex+2}
 51925 | Depths:1 | Entered Level 1 of the Depths
 52194 | Depths:1 | Noticed Mara
 52201 | Depths:1 | Killed Mara
 52207 | Depths:1 | Reached XP level 26. HP: 94/207 MP: 0/0
 52475 | Depths:1 | Received a gift from Nemelex Xobeh
 52848 | Depths:1 | Found a gateway to Hell.
 53050 | Depths:1 | Found a glowing golden altar of the Shining One.
 53079 | Depths:1 | Found a burning altar of Makhleb.
 53482 | Depths:2 | Noticed Bai Suzhen
 53483 | Depths:2 | Noticed Vv
 53487 | Depths:2 | Killed Bai Suzhen
 53819 | Depths:2 | Noticed an ancient lich
 53938 | Depths:2 | Found Suaryxt's Armour Emporium.
 53938 | Depths:2 | Received a gift from Nemelex Xobeh
 54039 | Depths:2 | Killed Vv
 54159 | Depths:2 | Killed an ancient lich
 54276 | Depths:2 | Noticed Asterion
 54281 | Depths:2 | Killed Asterion
 54571 | Depths:2 | Found Veycaes's Antique Weapon Emporium.
 54620 | Depths:2 | Bought a jewelled dagger for 203 gold pieces
 54620 | Depths:2 | Identified the +6 dagger "Azuut" {freeze, rElec rC+++ rCorr
                  | Str-4} (You bought it in a shop on level 2 of the Depths)
 54620 | Depths:2 | Bought an ebony trident for 246 gold pieces
 54620 | Depths:2 | Identified the +6 trident of the Tiger {freeze, Str+3} (You
                  | bought it in a shop on level 2 of the Depths)
 54703 | Depths:2 | Found a runed translucent door.
 54704 | Depths:2 | Found a runed translucent door.
 54705 | Depths:2 | Found a runed translucent door.
 55012 | Depths:2 | Found a one-way gate leading to the halls of Pandemonium.
 55107 | Depths:2 | Identified the +0 leather armour of the Present {Rampage
                  | rElec}
 55204 | Depths:2 | Received a gift from Nemelex Xobeh
 55234 | Depths:2 | Noticed an ancient lich
 55241 | Depths:2 | Noticed a juggernaut
 55249 | Depths:2 | Noticed Atlas's ghost (adept NaFE)
 55293 | Depths:2 | Found a runed translucent door.
 55304 | Depths:2 | Found a runed translucent door.
 55932 | Depths:2 | Killed an ancient lich
 56034 | Depths:2 | Killed a juggernaut
 56041 | Depths:2 | Killed Atlas's ghost
 56042 | Depths:2 | Reached XP level 27. HP: 127/216 MP: 0/0
 56042 | Depths:2 | Learned a level 9 spell: Dragon's Call
 56467 | Depths:3 | Found a one-way gate to the infinite horrors of the Abyss.
 56665 | Depths:3 | Received a gift from Nemelex Xobeh
 56969 | Depths:3 | Found a one-way gateway to a ziggurat.
 57213 | Depths:3 | Received a gift from Nemelex Xobeh
 58274 | Depths:3 | Identified the +6 spear "Xirhois" {speed, Will- Str+3 Int+2
                  | Dex+7}
 58646 | Depths:4 | Entered Level 4 of the Depths
 59562 | Depths:4 | Noticed a juggernaut
 59567 | Depths:4 | Killed a juggernaut
 60321 | Depths:4 | Received a gift from Nemelex Xobeh
 60354 | Depths:4 | Found a gate to the Realm of Zot.
 60792 | Zot:1    | Entered Level 1 of the Realm of Zot
 60930 | Zot:1    | Received a gift from Nemelex Xobeh
 62374 | Zot:2    | Received a gift from Nemelex Xobeh
 63174 | Crypt:1  | Entered Level 1 of the Crypt
 63183 | Crypt:1  | Identified the +1 leather armour "Suasofre" {rF+}
 63550 | Crypt:1  | Reached skill level 1 in Armour
 64060 | Crypt:1  | Received a gift from Nemelex Xobeh
 64336 | Crypt:2  | Identified the ring "Weuk" {Ice *Slow Str+4 Int+2}
 64336 | Crypt:2  | Noticed Josephina
 64339 | Crypt:2  | Killed Josephina
 64443 | Crypt:2  | Found a magical portal.
 64449 | WizLab   | Entered Eringya's Formal Garden
 64748 | WizLab   | Received a gift from Nemelex Xobeh
 64827 | WizLab   | Reached skill level 15 in Shields
 65094 | WizLab   | Found a blossoming altar of Fedhas.
 65533 | Crypt:2  | Found a runed translucent gate.
 65533 | Crypt:2  | Found a runed translucent gate.
 65536 | Crypt:2  | Found a runed translucent gate.
 65537 | Crypt:2  | Noticed Goociwk's ghost (adept GrFi)
 65537 | Crypt:2  | Identified the +9 hand axe of Patterns {venom, rElec rC++
                  | Str-2 Dex+2}
 65550 | Crypt:2  | Found an iron altar of Okawaru.
 65636 | Crypt:2  | Received a gift from Nemelex Xobeh
 66216 | Crypt:2  | Killed Goociwk's ghost
 66243 | Crypt:2  | Reached skill level 5 in Armour
 66354 | Crypt:2  | Identified the +0 helmet "Nogion Cou" {rPois rF+ rN+ Dex+2}
 66374 | Crypt:3  | Entered Level 3 of the Crypt
 66886 | Crypt:3  | Found a staircase to the Tomb.
 66939 | Crypt:3  | Found the +5 scythe "Finisher" {speed, execute}
 66949 | Crypt:3  | Noticed a royal mummy
 66956 | Crypt:3  | Noticed a royal mummy
 66958 | Crypt:3  | Noticed Khufu
 66959 | Crypt:3  | Noticed a royal mummy
 67312 | Crypt:3  | Identified the +9 crystal plate armour "Buykhucw" {rF-
                  | Int+5}
 67382 | Crypt:3  | Received a gift from Nemelex Xobeh
 67596 | Crypt:2  | Found a basalt altar of Yredelemnul.
 67707 | Crypt:3  | Found the +9 sword of Power {lifebolt}
 67996 | Crypt:3  | Noticed a dread lich
 67999 | Crypt:3  | Killed a dread lich
 68042 | Crypt:3  | Identified the +8 sling of Evil {heavy, Dex+4}
 68056 | Crypt:3  | Identified the staff of Causality {rN++ Dex+3 Conj}
 68250 | Crypt:3  | Identified the +2 chain mail of Modesty {^Drain Fly Dex-2
                  | Slay+6}
 68500 | Crypt:3  | Received a gift from Nemelex Xobeh
 68658 | Crypt:3  | Killed a royal mummy
 68659 | Crypt:3  | Killed a royal mummy
 69293 | Crypt:3  | Killed Khufu
 69296 | Crypt:3  | Killed a royal mummy
 69398 | Crypt:3  | Found a staircase to the Tomb.
 71100 | Zot:3    | Found a transporter.
 71138 | Zot:3    | Noticed an orb of fire
 71140 | Zot:3    | Noticed an orb of fire
 71170 | Zot:3    | Received a gift from Nemelex Xobeh
 71202 | Zot:3    | Noticed an ancient lich
 71638 | Zot:3    | Found a transporter.
 71674 | Zot:3    | HP: 8/223 [death cob (19)]
 71675 | Zot:3    | Mangled by a death cob

Illustrated notes

Levels and vault maps discovered:
D:1:      wander_arrival_chamber, layout_rooms, serial_shops, shop,
          minmay_cupped
D:2:      layout_loops_ring, serial_shops, shop, minmay_cut_off, uniq_robin
D:3:      layout_loops_ring, biasface_ghost_orc_armoury,
          uniq_crazy_yiuf_cottage, uniq_terence, uniq_natasha
D:4:      layout_rooms, grunt_temple_overflow_diamond, dk_yredelemnul_ordeal
D:5:      layout_rooms, enter_ossuary_4, water_maze_lemuel
D:6:      layout_cave_pools, minmay_temple_entry_drinking_statues,
          gammafunk_ghost_stat_death, serial_bayou_pond_e
D:7:      layout_loops_ring, ashenzari_altar_1,
          mainiacjoe_overflow_small_starburst, serial_bayou,
          serial_bayou_pond_b, serial_bayou_pond_b, serial_bayou_shore_a,
          serial_bayou_lagoon_a, kennysheep_small_square, uniq_menkaure,
          uniq_prince_ribbit1
D:8:      layout_basic
D:9:      cheibrodos_wizards_tower, layout_grid_maze, xom_teletrap_fun,
          mainiacjoe_overflow_tiny_flanked, lair_entry_dummy, serial_shops,
          shop, minmay_hedge_maze, uniq_pikel, uniq_maggie
D:10:     layout_basic, mainiacjoe_overflow_alcove_1, david_orc_1_choice,
          roderic_batcave
D:11:     layout_stronghold
D:12:     layout_roguey, chequers_big_river
D:13:     layout_loops_ring, minmay_guarded_unrand_skullcrusher
D:14:     layout_basic, grunt_vaults_entry_fortified, serial_shops, shop,
          zin_angel
D:15:     hangedman_depths_entry_try_elsewhere_first, layout_basic, uniq_azrael
Lair:1:   layout_roguey, gammafunk_ghost_hydra_chop, grunt_megastairs_2
Lair:2:   layout_cave_pods, minmay_shoals_entry_centaurs, hangedman_tree_tricks,
          guppyfry_lair_drakes, uniq_erica
Lair:3:   layout_concentric_octagons, spider_nest_entry_webs,
          gauntlet_entry_generic, hellmonk_talismancer, grunt_megastairs_3
Lair:4:   layout_concentric_octagons, slime_entry_2, lemuel_fruit_fields,
          serial_bayou_shore_b, grunt_megastairs_1, lemuel_fruit_tree,
          uniq_snorg
Lair:5:   minmay_lair_end_enchanted_forest, layout_long_grid, st_stairs_7,
          infiniplex_staircase_pool
Shoals:1: layout_shoals, gammafunk_ghost_tricky_traps
Shoals:2: layout_shoals, gammafunk_ghost_wrathful_warriors
Shoals:3: layout_shoals, nicolae_shoals_land_atoll,
          nicolae_shoals_siren_and_animal_friends, uniq_ilsuiw, uniq_jorgrun
Shoals:4: shoals_end_hellmonk_holy_island
Spider:1: layout_spider_delve, portal_ice_cave_entry_dragon, uniq_mlioglotl
Spider:2: layout_spider_delve, uniq_aizul
Spider:3: layout_spider_delve, drop_trap
Spider:4: grunt_spider_rune_circles
Orc:1:    dreamdust_dug_too_deep, layout_diamond_mine, library_closet
Orc:2:    hellmonk_orc_salted, layout_caves, serial_shops,
          nicolae_shop_window_shopping, guppyfry_library_mini, uniq_maurice
Elf:1:    eino_elf_arrival_shootout, layout_geoelf_diagonals, serial_shops,
          shop, hangedman_elf_represent, dreamdust_princess_corridor,
          chequers_hall_statues_corner_a
Elf:2:    elven_hall_of_blades_hangedman_original
          [nicolae_blade_entry_pointy_end], layout_rooms, uniq_roxanne
Elf:3:    minmay_elf_hall_spiked, layout_geoelf_octagon, serial_shops,
          nicolae_square_shop, basic_altar, minmay_shoptagon, uniq_donald
Vaults:1: nicolae_vaults_more_shelving_2, grunt_vaults_focal,
          nicolae_vaults_tetromino_T_2, nicolae_vaults_loss_of_containment,
          vaults_mumra_minichess_inversion, nicolae_vaults_oval_intersection,
          ontoclasm_vaults_fault, grunt_vaults_diagonal, nicolae_vaults_house_1,
          ontoclasm_vaults_loading_screen, nicolae_vaults_tetromino_L_2,
          hangedman_vaults_locks, grunt_vaults_funnel, layout_vaults_omnicross,
          serial_shops, nicolae_shop_rolled_up
Vaults:2: nicolae_vaults_octothorpe, grunt_vaults_twisty, v_misc_27,
          vaults_mumra_chevron, layout_vaults_omnigrid,
          minmay_crypt_entry_necro_gods
Vaults:3: vaults_mumra_minichess, nicolae_vaults_gold_heap,
          hangedman_vaults_maws, vaults_room_guarded_vault,
          nicolae_vaults_two_Ls, serial_library_regret_index_small_wings,
          vaults_room_hallway, nicolae_vaults_weapon_check, vaults_dpeg_hooks,
          nicolae_vaults_alarming, nicolae_vaults_six-pack,
          nicolae_vaults_little_squares_6, nicolae_vaults_more_shelving_1,
          vaults_dpeg_doors, grunt_vaults_hallway_long, layout_vaults_big_room
Vaults:4: nicolae_vaults_little_squares_3, hangedman_vaults_stagger,
          vaults_room_fours, nicolae_vaults_network_quincunx
          [nicolae_vaults_network_quincunx_subvault,
          nicolae_vaults_network_quincunx_subvault,
          nicolae_vaults_network_quincunx_subvault,
          nicolae_vaults_network_quincunx_subvault,
          nicolae_vaults_network_quincunx_subvault], v_pattern_2,
          nicolae_vaults_little_squares_6, vaults_standard_mumra_lines,
          ontoclasm_vaults_twist, vaults_room_fours, vaults_room_pools,
          nicolae_vaults_double_plus_2, nicolae_vaults_house_2,
          nicolae_vaults_antechamber_and_loot_room, layout_vaults_omnibox
Vaults:5: serial_shops
Crypt:1:  layout_chaotic_city
Crypt:2:  layout_chaotic_city, gammafunk_ghost_fury_of_okawaru,
          mu_enter_wizlab_4, lemuel_upstairs_altar, uniq_josephina
Crypt:3:  david_glass_crypt, layout_basic, tomb_entry_forgotten_bobbens,
          corexii_leaking_fountain, uniq_khufu, uniq_margery
Depths:1: layout_roguey, hangedman_glass_teeth, pf_vacation_house_of_asmodeus,
          nzn_life_drinkers, kennysheep_random_hallway, grunt_megastairs_4,
          uniq_mara
Depths:2: minmay_the_grid_triangle_9x9_rhombus_thin
          [minmay_the_grid_triangle_9x9_fully_insulated_deathbox,
          minmay_the_grid_triangle_9x9_prize_top_heavy,
          minmay_the_grid_triangle_9x9_checkered,
          minmay_the_grid_triangle_9x9_windchime], layout_cave_pools,
          muffindrake_ghost_dual_entry, minmay_misc_feat_secret_circle,
          rand_demon_pan_entry_1, pf_hell_entry_tar_spiral, serial_shops, shop,
          nicolae_shop_trees, special_room [special_room_morgue],
          uniq_bai_suzhen, uniq_vv, uniq_asterion
Depths:3: kennysheep_snake, layout_gridlike, enter_ziggurat_e,
          minmay_misc_feat_x, minmay_room_of_horrors, hell_entry,
          serial_bayou_pond_b
Depths:4: evilmike_zot_entry_basic, layout_cave_pools, hell_entry, pan_entry,
          grunt_decor_fettered, st_stairs_3
Zot:1:    layout_basic, regret_index_zotdec_misc_clamp, zot_minivault_5
Zot:2:    layout_misc_corridors, grunt_ministairs_15
Zot:3:    gammafunk_sealed_library, layout_onion

Skill      XL: |  1  2  3  4  5  6  7  8  9 10 11 12 13 14 15 16 17 18 19 20 21 22 23 24 25 26 27 |
---------------+----------------------------------------------------------------------------------+-----
Fighting       | 1 2 3 4 5 7 9 11 13 14 16 17 19 20 21 22 23 25 | 25.9
Spellcasting   | 4 5 6 8 9 10 11 12 14 15 16 17 18 19 20 21 23 24 26 | 26.5
Conjurations   | 4 5 6 8 9 10 11 12 14 15 16 17 18 19 20 21 23 24 26 | 26.5
Hexes          | 4 5 6 8 9 10 11 12 14 15 16 17 18 19 20 21 23 24 26 | 26.5
Summonings     | 4 5 6 8 9 10 11 12 14 15 16 17 18 19 20 21 23 24 26 | 26.5
Necromancy     | 4 5 6 8 9 10 11 12 14 15 16 17 18 19 20 21 23 24 26 | 26.5
Translocations | 4 5 6 8 9 10 11 12 14 15 16 17 18 19 20 21 23 24 26 | 26.5
Fire Magic     | 4 5 6 8 9 10 11 12 14 15 16 17 18 19 20 21 23 24 26 | 26.5
Ice Magic      | 4 5 6 8 9 10 11 12 14 15 16 17 18 19 20 21 23 24 26 | 26.5
Air Magic      | 4 5 6 8 9 10 11 12 14 15 16 17 18 19 20 21 23 24 26 | 26.5
Earth Magic    | 4 5 6 8 9 10 11 12 14 15 16 17 18 19 20 21 23 24 26 | 26.5
Alchemy        | 4 5 6 8 9 10 11 12 14 15 16 17 18 19 20 21 23 24 26 | 26.5
Invocations    | 4 7 8 10 11 | 11.3
Dodging        | 5 8 9 11 13 14 15 20 | 20.2
Shields        | 5 8 13 14 15 | 15.1
Armour         | 5 |  5.3
Stealth        | |  1.5

Action                     |  1- 3 |  4- 6 |  7- 9 | 10-12 | 13-15 | 16-18 | 19-21 | 22-24 | 25-27 || total
---------------------------+-------+-------+-------+-------+-------+-------+-------+-------+-------++-------
  Melee: Unarmed           |     1 |       |     1 |       |     5 |       |       |       |       ||     7
         Quarterstaff      |       |       |       |     6 |       |       |       |       |       ||     6
         Hand axe          |       |       |       |       |       |       |       |     1 |       ||     1
         Dagger            |       |       |       |       |       |       |       |       |     3 ||     3
   Cast: Sting             |    58 |   100 |   130 |   171 |   234 |   108 |     1 |       |     1 ||   803
         Sticky Flame      |       |     6 |    47 |   117 |    29 |    21 |       |       |       ||   220
         Mephitic Cloud    |       |       |    19 |    37 |    56 |    45 |     1 |     7 |     1 ||   166
         Olgreb's Toxic Ra |       |       |     4 |    38 |   117 |   128 |     2 |     1 |       ||   290
         Flame Wave        |       |       |       |     2 |       |     1 |       |       |       ||     3
         Iskenderun's Myst |       |       |       |     6 |   211 |   534 |    52 |   150 |   133 ||  1086
         Sigil of Binding  |       |       |       |     5 |       |       |       |     2 |     1 ||     8
         Summon Mana Viper |       |       |       |       |    22 |     3 |     1 |     3 |       ||    29
         Conjure Ball Ligh |       |       |       |       |     1 |     1 |       |    13 |       ||    15
         Ozocubu's Refrige |       |       |       |       |       |    41 |   398 |   629 |   549 ||  1617
         Discord           |       |       |       |       |       |       |     3 |     1 |       ||     4
         Fire Storm        |       |       |       |       |       |       |       |       |   450 ||   450
         Enfeeble          |       |       |       |       |       |       |       |       |     2 ||     2
         Starburst         |       |       |       |       |       |       |       |       |     1 ||     1
         Dragon's Call     |       |       |       |       |       |       |       |       |     6 ||     6
  Evoke: Wand              |       |       |     4 |       |       |       |       |       |     3 ||     7
    Use: Scroll            |       |       |     1 |    12 |     9 |    17 |     2 |     7 |    20 ||    68
         Potion            |       |       |       |       |     1 |       |     2 |     5 |    16 ||    24
 Armour: Robe              |     8 |    14 |    55 |   132 |   159 |   191 |    64 |   163 |   157 ||   943
         Skin              |       |       |     1 |       |       |       |       |       |       ||     1
         Ring mail         |       |       |       |       |       |       |       |       |    75 ||    75
  Dodge: Dodged            |    15 |    12 |    47 |   101 |    89 |    94 |    42 |    74 |   119 ||   593

Table legend: (Time is in decaauts)
 A = Elapsed time spent in this place.
 B = Non-inter-level travel time spent in this place.
 C = Inter-level travel time spent in this place.
 D = Time resting spent in this place.
 E = Time spent auto-exploring this place.
 F = Levels seen in this place.
 G = Mean time per level.
                   A        B        C        D        E       F      G
               +--------+--------+--------+--------+--------+-----+--------+
         Total |  71829 |  65806 |   6023 |  12459 |  41037 |  52 | 1381.3 |
       Dungeon |  15857 |  13766 |   2091 |    915 |  10126 |  15 | 1057.1 |
          Lair |   6587 |   5904 |    683 |    332 |   4257 |   5 | 1317.4 |
        Shoals |   5591 |   5380 |    211 |    609 |   4148 |   4 | 1397.8 |
   Spider Nest |   4371 |   4108 |    263 |   1069 |   2023 |   4 | 1092.8 |
  Orcish Mines |   2180 |   1916 |    264 |    191 |   1288 |   2 | 1090.0 |
   Elven Halls |   5213 |   4999 |    214 |    989 |   3071 |   3 | 1737.7 |
        Vaults |  11857 |  11066 |    791 |   3154 |   6354 |   5 | 2371.4 |
         Crypt |   5547 |   5191 |    356 |   1020 |   3409 |   3 | 1849.0 |
        Depths |   8940 |   7973 |    967 |   2534 |   4021 |   4 | 2235.0 |
           Zot |   3174 |   2996 |    178 |   1224 |   1121 |   3 | 1058.0 |
       Ossuary |    325 |    325 |      0 |      0 |    169 |   1 |  325.0 |
      Ice Cave |    698 |    698 |      0 |      0 |    456 |   1 |  698.0 |
        Wizlab |    980 |    980 |      0 |    395 |    423 |   1 |  980.0 |
      Gauntlet |    503 |    503 |      0 |     27 |    171 |   1 |  503.0 |
               +--------+--------+--------+--------+--------+-----+--------+

Top non-repeatable levels by time:
Depths:3: 3560 daAuts
Vaults:5: 3194 daAuts
Vaults:4: 2763 daAuts
 Crypt:3: 2746 daAuts
Vaults:3: 2359 daAuts
Depths:1: 2271 daAuts
Depths:2: 2201 daAuts
   Elf:3: 2021 daAuts
Vaults:2: 1918 daAuts
    D:12: 1916 daAuts
Shoals:1: 1817 daAuts
 Crypt:2: 1811 daAuts
   Elf:2: 1659 daAuts
Vaults:1: 1621 daAuts
   Elf:1: 1532 daAuts
